AoeStats
← MooseMooch

Arabia

509001742Analyzed
1v1 RM · 7d ago on Sep 25, 2026· 44m 18s· 2 players
Game mode
Random Map
Map size
Tiny (2 player)
Population
200
Speed
Normal
Resources
Standard
Victory
Conquest
Starting age
Dark Age
Ending age
Imperial Age
RankedLock teamsTeams togetherTeam positionsShared explorationLock speedFull tech treeHidden civsTurbo modeCheats
Victory
Defeat
🇩🇪 Portuguese · Germany
1267
+16
🇨🇳 Byzantines · China
1266
-16
ruling-dg
7:07 Loom
9:06 Feudal Age
9:47 Double-Bit Axe
14:25 Fletching
21:39 Castle Age
20:33 Scale Mail Armor
20:35 Padded Archer Armor
20:47 Horse Collar
21:01 Gold Mining
22:17 Elite Skirmisher
22:53 Bodkin Arrow
23:59 Leather Archer Armor
26:49 Ballistics
28:59 Chain Mail Armor
28:48 Squires
28:34 Gambesons
30:18 Bow Saw
30:08 Heavy Plow
36:08 Wheelbarrow
36:15 Wheelbarrow
40:00 Imperial Age
38:14 Forging
38:42 Pikeman
40:50 Iron Casting
41:44 Plate Mail Armor
41:59 Bracer
42:56 Elite Varangian Guard
45:10 Conscription
45:53 Chemistry
MooseMooch
6:22 Loom
8:40 Feudal Age
9:33 Double-Bit Axe
14:45 Fletching
19:57 Wheelbarrow
22:56 Castle Age
20:41 Horse Collar
21:37 Bloodlines
21:56 Scale Barding Armor
22:29 Forging
23:12 Gold Mining
23:00 Crossbowman
23:38 Bodkin Arrow
23:57 Bow Saw
24:03 Light Cavalry
27:17 Chain Barding Armor
37:46 Imperial Age
36:00 Ballistics
39:31 Chemistry
39:21 Bracer
40:02 Thumb Ring
40:34 Arbalester
Connection lost

Rejoining the realm…

Still unreachable

The connection could not be restored.

Session expired

The server has moved on; the page needs a fresh start.